 Dungeon Crawl Stone Soup version 0.19.0-19-g8c6edcc (webtiles) character file.

1773 Firebatgyro the Fighter (level 8, -1/69 HPs)
             Began as a Demonspawn Gladiator on Nov 14, 2016.
             Slain by an orc warrior
             ... wielding a +0 trident
              (21 damage)
             ... on level 6 of the Dungeon.
             The game lasted 00:12:25 (7925 turns).

Firebatgyro the Fighter (Demonspawn Gladiator)      Turns: 7925, Time: 00:12:25

Health: -1/69      AC: 10    Str: 18    XL:     8   Next: 80%
Magic:  8/8        EV:  8    Int: 10    God:
Gold:   341        SH:  8    Dex: 13    Spells: 0 memorised, 7 levels left

rFire  . . .     SeeInvis +     a - +1 long sword
rCold  . . .     Gourm    .     b - +0 chain mail
rNeg   . . .     Faith    .     (no shield)
rPois  +         Spirit   .     (helmet restricted)
rElec  .         Reflect  +     E - +0 cloak {rPois}
rCorr  .         Harm     .     (no gloves)
MR     +....                    h - +0 pair of boots
Stlth  ..........               q - +4 amulet of reflection
                                j - ring of protection from magic
                                d - ring of see invisible

@: no status effects
A: horns 1, large bone plates 1, nightstalker 2
a: no special abilities


You were on level 6 of the Dungeon.
You were not hungry.

You visited 1 branch of the dungeon, and saw 7 of its levels.

You collected 341 gold pieces.

Inventory:

Hand Weapons
 a - a +1 long sword (weapon)
Missiles
 r - 4 tomahawks (quivered)
Armour
 b - a +0 chain mail (worn)
 h - a +0 pair of boots (worn)
 E - a +0 cloak of poison resistance (worn)
Jewellery
 d - a ring of see invisible (left hand)
 j - a ring of protection from magic (right hand)
 q - a +4 amulet of reflection (around neck)
 w - an uncursed ring of teleportation
Wands
 v - a wand of lightning (15/15)
 y - a wand of paralysis (9/24)
Scrolls
 e - 3 scrolls of amnesia
 g - 2 scrolls of teleportation
 k - 7 scrolls of identify
 m - 3 scrolls of enchant weapon
 o - 3 scrolls of remove curse
 x - a scroll of blinking
Potions
 c - a potion of cure mutation {unknown}
 l - a potion of might {unknown}
 p - a potion of cancellation {unknown}
 u - a potion of agility {unknown}
 z - a potion of heal wounds {unknown}
 A - a potion of flight {unknown}
 B - a potion of degeneration {unknown}
 C - 2 potions of haste {unknown}
 D - a potion of resistance {unknown}
Comestibles
 f - 6 bread rations
 i - 7 fruits
 s - a meat ration
 t - 2 beef jerkies


   Skills:
 + Level 8.3 Fighting
 + Level 7.9 Long Blades
 - Level 1.7 Throwing
 - Level 2.6 Dodging


You had 7 spell levels left.
You didn't know any spells.

Dungeon Overview and Level Annotations

Branches:
Dungeon (7/15)
 Temple: D:4-7

Altars:
Yredelemnul

Annotations:
D:7 wojtek's ghost, novice KoSk


Innate Abilities, Weirdness & Mutations

You have a pair of small horns on your head.
You are partially covered in large bone plates. (SH +4)
You are significantly more attuned to the shadows.


Message History

The orc warrior is heavily wounded.
The orc warrior hits you with a trident.
You completely miss the orc warrior.
You headbutt the orc warrior, but do no damage.
The orc warrior is heavily wounded.
The orc warrior hits you but does no damage.
You hit the orc warrior but do no damage.
Your headbutt misses the orc warrior.
The orc warrior is heavily wounded.
The orc warrior hits you with a trident.
You hit the orc warrior.
The orc warrior is severely wounded.
The orc warrior hits you with a trident!!
* * * LOW HITPOINT WARNING * * *
You hit the orc warrior but do no damage.
Your headbutt misses the orc warrior.
The orc warrior is severely wounded.
The orc warrior hits you but does no damage.
The orc warrior hits you from afar with a trident!!
You die...

......###...###.##.#.#.......
#########..#.....#...#...#.###.#.
......# ##...............# ...#.
.###### ##.###.#....#...#######.
...# ##.........###...........
##.# #..#.....#(..#....######.
#.# #.###...###..#....#. #... #.#
#..#.....#o.)........#... #.#
###..(....@....#..#......#. #.#
#....<......##.#..#..###.## #.#
#.#.#.....#....#..#..#....) #.#
#.#.##.#....#..#..#..#..### #.#
#.#.......#.#..#.....#..###
#.####.####.##...#.....#.##.....
#...##.####......##....#....####
###.##.......#...#####.#########
#...######'#.####.##.# #....


You could see an orc warrior.

Vanquished Creatures
  Duvessa (D:4)
  A black bear (D:6)
  An ogre (D:3)
  A phantom (D:2)
  A centaur (D:5)
  A bullfrog (D:6)
  4 scorpions
  Dowan (D:4)
  The ghost of barreyi the Covered, a weakling MiFi (D:3)
  3 howler monkeys
  A quasit (D:5)
  A hound (D:5)
  5 orc wizards
  5 orc priests
  Crazy Yiuf (D:6)
  A bullfrog skeleton (D:5)
  2 iguanas
  4 worker ants
  4 gnolls (D:6)
  10 adders
  A howler monkey skeleton (D:5)
  2 shadow imps
  3 oozes
  An adder skeleton (D:6)
  A worm (D:4)
  2 dart slugs (D:3)
  3 leopard geckos
  31 orcs
  3 giant cockroaches
  7 goblins
  6 hobgoblins
  10 jackals
  11 kobolds
  3 quokkas
  3 ball pythons
  6 bats
  6 frilled lizards
  2 gnoll zombies (D:2)
  A quokka skeleton (D:4)
  5 rats
156 creatures vanquished.

Notes
Turn   | Place    | Note
-------+----------+-------------------------------------------
     0 | D:1      | Firebatgyro the Demonspawn Gladiator began the quest for the Orb.
     0 | D:1      | Reached XP level 1. HP: 16/16 MP: 1/1
    71 | D:1      | Gained mutation: You are partially covered in large bone plates. (SH +4) [demonic ancestry]
    71 | D:1      | Reached XP level 2. HP: 6/23 MP: 2/2
  1172 | D:2      | Reached XP level 3. HP: 9/28 MP: 3/3
  1488 | D:2      | Reached skill level 3 in Fighting
  1850 | D:2      | Found a basalt altar of Yredelemnul.
  1984 | D:2      | Gained mutation: You are slightly more attuned to the shadows. [demonic ancestry]
  1984 | D:2      | Reached XP level 4. HP: 35/35 MP: 4/4
  2837 | D:3      | Reached XP level 5. HP: 33/42 MP: 5/5
  2909 | D:3      | Reached skill level 4 in Fighting
  3155 | D:3      | Noticed a phantom
  3286 | D:2      | Killed a phantom
  3286 | D:2      | Reached XP level 6. HP: 28/49 MP: 6/6
  3509 | D:3      | Reached skill level 5 in Long Blades
  3624 | D:3      | Reached skill level 5 in Fighting
  3948 | D:3      | Noticed barreyi's ghost (weakling MiFi)
  3968 | D:3      | Killed barreyi's ghost
  3968 | D:3      | Gained mutation: You have a pair of small horns on your head. [demonic ancestry]
  3968 | D:3      | Reached XP level 7. HP: 33/56 MP: 7/7
  4281 | D:4      | Noticed Duvessa
  4281 | D:4      | Noticed Dowan
  4629 | D:4      | Killed Dowan
  4670 | D:4      | Killed Duvessa
  4670 | D:4      | Reached skill level 6 in Fighting
  5202 | D:5      | Entered Level 5 of the Dungeon
  5476 | D:5      | Gained mutation: You are significantly more attuned to the shadows. [demonic ancestry]
  5476 | D:5      | Reached XP level 8. HP: 49/65 MP: 8/8
  5789 | D:5      | Reached skill level 7 in Fighting
  6879 | D:6      | Found a runed door.
  7143 | D:6      | Reached skill level 8 in Fighting
  7461 | D:6      | Noticed Crazy Yiuf
  7465 | D:6      | Killed Crazy Yiuf
  7612 | D:7      | Noticed wojtek's ghost (novice KoSk)
  7925 | D:6      | Slain by an orc warrior

Skill      XL: |  1  2  3  4  5  6  7  8 |
---------------+-------------------------+-----
Long Blades    | 3 4 5 6 7 |  7.9
Fighting       | 3 4 5 6 8 |  8.3
Throwing       | |  1.7
Dodging        | |  2.6

Action                   |  1- 3 |  4- 6 |  7- 9 || total
-------------------------+-------+-------+-------++-------
Melee: Long sword        |   118 |   219 |   344 ||   681
       Headbutt          |       |       |    67 ||    67
Throw: Throwing net      |     5 |     1 |     2 ||     8
  Use: Scroll            |       |       |     9 ||     9
 Stab: Held in net/web   |     1 |       |       ||     1
       Sleeping          |       |     1 |       ||     1
  Eat: Chunk             |     3 |     7 |    13 ||    23
Armor: Leather armour    |    44 |    11 |       ||    55
       Ring mail         |       |     6 |       ||     6
       Chain mail        |       |    49 |   121 ||   170
Dodge: Dodged            |    71 |    81 |    90 ||   242
Block: Other             |    24 |    74 |   129 ||   227
       Reflection        |       |     2 |     3 ||     5
       Rpst.: Long sword |    15 |    21 |    30 ||    66
